 Dungeon Crawl Stone Soup version 0.29-a0-816-g82769f0e0c (webtiles) character file.

Game seed: 2154271326751285008

107 Morbidden the Sneak (level 4, 0/23 HPs)
             Began as a Vine Stalker Brigand on July 5, 2022.
             Slain by an orc priest
             ... wielding a +0 flail
              (2 damage)
             ... on level 3 of the Dungeon.
             The game lasted 00:02:08 (1644 turns).

Morbidden the Sneak (Vine Stalker Brigand)          Turns: 1644, Time: 00:02:08

Health: 0/23       AC:  4    Str: 13    XL:     4   Next: 86%
Magic:  0/7        EV: 12    Int: 11    God:
Gold:   131        SH:  0    Dex: 18    Spells: 6/6 levels left

rFire   . . .      SeeInvis .   a - +3 dagger
rCold   . . .      Faith    .   (no shield)
rNeg    + . .      Spirit   +   b - +0 robe
rPois   .          Reflect  .   (no helmet)
rElec   .          Harm     .   c - +0 cloak
rCorr   .          Rampage  .   (no gloves)
Will    .....                   h - +0 pair of boots
Stlth   +++.......              (no amulet)
HPRegen 0.87/turn               l - ring of positive energy
MPRegen 0.10/turn               (no ring)

@: no status effects
A: fangs 2, regeneration 1, magic shield, antimagic bite, no potion heal 2
a: no special abilities


You were on level 3 of the Dungeon.
You visited 1 branch of the dungeon, and saw 3 of its levels.

You collected 131 gold pieces.

Inventory:

Hand Weapons
 a - a +3 dagger (weapon)
Missiles
 d - 9 poisoned darts (quivered)
 e - 3 curare-tipped darts
Armour
 b - a +0 robe (worn)
 c - a +0 cloak (worn)
 h - a +0 pair of boots (worn)
Jewellery
 l - a ring of positive energy (left hand)
Scrolls
 g - a scroll of poison {unknown}
 i - 2 scrolls of enchant armour {unknown}
 j - a scroll of noise {unknown}
 m - a scroll of fog {unknown}
 n - 3 scrolls of teleportation {unknown}
Potions
 f - a potion of mutation {unknown}
 k - a potion of cancellation {unknown}
 o - a potion of haste {unknown}


   Skills:
 * Level 2.1 Fighting
 * Level 2.5 Short Blades
 + Level 2.1 Throwing
 * Level 1.4 Dodging
 + Level 5.8 Stealth
 * Level 1.5 Spellcasting


You had 6 spell levels left.
You didn't know any spells.
Your spell library contained the following spells:

 Spells                   Type           Power      Damage    Failure   Level
 Sting                    Tmut/Pois      0%         1d3       30%         1
 Poisonous Vapours        Pois/Air       0%         N/A       43%         2
 Olgreb's Toxic Radiance  Pois           0%         N/A       97%         4


Dungeon Overview and Level Annotations

Branches:
Dungeon (3/15)

Altars:
Ashenzari


Innate Abilities, Weirdness & Mutations

You have extremely sharp teeth.
Your natural rate of healing is unusually fast.
When hurt, damage is shared between your health and your magic reserves.
Your bite disrupts and absorbs the magic of your enemies.
Potions cannot restore your health.


Message History

You hit the orc priest but do no damage.
You bite the orc priest, but do no damage.
The orc priest is moderately wounded.
The orc priest hits you but does no damage.
The orc hits you from afar with a +0 trident.
Unknown command.
You hit the orc priest.
The orc priest is heavily wounded.
The orc priest barely misses you.
The orc hits you from afar with a +0 trident!
Unknown command.
You hit the orc priest.
The orc priest is severely wounded.
The orc priest barely misses you.
The orc hits you from afar with a +0 trident.
Unknown command.
You hit the orc priest but do no damage.
The orc priest is severely wounded.
The orc priest invokes the aid of Beogh against you.
Beogh smites you! The orc barely misses you.
Unknown command.
You barely miss the orc priest.
You bite the orc priest, but do no damage.
The orc priest is severely wounded.
The orc priest barely misses you.
The orc hits you from afar with a +0 trident.
* * * LOW HITPOINT WARNING * * *
Unknown command.
Unknown command.
You hit the orc priest.
The orc priest is almost dead.
The orc priest misses you.
The orc hits you from afar with a +0 trident.
* * * LOW HITPOINT WARNING * * *
Unknown command.
Unknown command.
You hit the orc priest.
The orc priest is almost dead.
The orc priest hits you with a +0 flail.
You die...

# #. #.### # #...# .
###.### .# #.....# .#
####.###.####.# #....#
#.@ooo.# #.##.#
#.##oJ.#
#.##.....##.).#
####.####.####........
##.....(...####..######
#.................
#..##.#....##.#J.##
###..##.#.#### #..#
#....##.#.# #..#


You could see an orc priest, 3 orcs and an endoplasm.

Vanquished Creatures
  2 adders (D:2)
  3 gnolls (D:2)
  2 dart slugs (D:1)
  2 orcs (D:3)
  7 endoplasms
  2 giant cockroaches (D:1)
  5 hobgoblins
  5 ball pythons (D:1)
  6 bats
  3 frilled lizards
  3 goblins (D:2)
  4 kobolds
  11 rats
55 creatures vanquished.

Notes
Turn   | Place    | Note
-------+----------+-------------------------------------------
     0 | D:1      | Morbidden the Vine Stalker Brigand began the quest for the
                  | Orb.
     0 | D:1      | Reached XP level 1. HP: 11/11 MP: 2/2
    67 | D:1      | Reached skill level 5 in Stealth
   143 | D:1      | Reached XP level 2. HP: 12/15 MP: 3/3
   541 | D:1      | Reached skill level 1 in Dodging
   697 | D:1      | Reached XP level 3. HP: 18/18 MP: 4/4
  1181 | D:2      | Reached skill level 1 in Spellcasting
  1184 | D:2      | Gained mutation: Your natural rate of healing is unusually
                  | fast. [Vine Stalker growth]
  1184 | D:2      | Reached XP level 4. HP: 23/23 MP: 6/6
  1330 | D:2      | Found a faded altar of an unknown god.
  1579 | D:3      | Found a broken altar of Ashenzari.
  1644 | D:3      | Slain by an orc priest

Illustrated notes

Levels and vault maps discovered:
D:1:      dpeg_arrival_three_same_balls, layout_basic, minmay_pentomino_z4
D:2:      layout_rooms, chequers_ecumenical_altar_twisty
D:3:      layout_loops_ring, cheibrodos_ashenzari_chains, uniq_grinder,
          uniq_sigmund, uniq_crazy_yiuf_cottage

Skill      XL: |  1  2  3 |
---------------+----------+-----
Stealth        | 5 |  5.8
Short Blades   | 2 |  2.5
Dodging        | 1 |  1.4
Throwing       | 2 |  2.1
Spellcasting   | 1 |  1.5
Fighting       | 2 |  2.1

Action                   |  1- 3 |  4- 6 || total
-------------------------+-------+-------++-------
Melee: Dagger            |    66 |    53 ||   119
       Bite              |     8 |    17 ||    25
 Stab: Sleeping          |    13 |     4 ||    17
Armor: Robe              |    12 |     9 ||    21
Dodge: Dodged            |    30 |    47 ||    77

Table legend: (Time is in decaauts)
 A = Elapsed time spent in this place.
 B = Non-inter-level travel time spent in this place.
 C = Inter-level travel time spent in this place.
 D = Time resting spent in this place.
 E = Time spent auto-exploring this place.
 F = Levels seen in this place.
 G = Mean time per level.
                   A        B        C        D        E       F      G
               +--------+--------+--------+--------+--------+-----+--------+
         Total |   1629 |   1530 |     99 |      9 |   1144 |   3 |  543.0 |
       Dungeon |   1629 |   1530 |     99 |      9 |   1144 |   3 |  543.0 |
               +--------+--------+--------+--------+--------+-----+--------+

Top non-repeatable levels by time:
     D:1: 961 daAuts
     D:2: 606 daAuts
     D:3: 61 daAuts
